 Dungeon Crawl Stone Soup version 0.23.1 (webtiles) character file.

Game seed: 2340006940412104230

91 nikopol the Poker (level 4, -4/41 HPs)
             Began as a Minotaur Berserker on Mar 7, 2019.
             Was a Believer of Trog.
             Slain by Sigmund
             ... wielding a +0 scythe
              (10 damage)
             ... on level 2 of the Dungeon.
             The game lasted 00:02:36 (1449 turns).

nikopol the Poker (Minotaur Berserker)              Turns: 1449, Time: 00:02:37

Health: -4/41      AC:  9    Str: 22    XL:     4   Next: 33%
Magic:  3/3        EV:  9    Int:  4    God:    Trog [**....]
Gold:   106        SH:  0    Dex: 10    Spells: 3/3 levels left

rFire    . . .     SeeInvis .   a - +0 trident
rCold    . . .     Gourm    .   (no shield)
rNeg     . . .     Faith    .   g - +0 chain mail
rPois    .         Spirit   .   (helmet restricted)
rElec    .         Reflect  .   (no cloak)
rCorr    .         Harm     .   (no gloves)
MR       .....                  (no boots)
Stlth    ..........             (no amulet)
HPRegen  0.13/turn              (no ring)
MPRegen  0.08/turn              (no ring)

@: berserk cooldown, slowed, very slow
A: retaliatory headbutt, horns 2
a: Berserk, Trog's Hand, Renounce Religion


You were on level 2 of the Dungeon.
You worshipped Trog.
Trog was pleased with you.
You were very hungry.

You visited 1 branch of the dungeon, and saw 2 of its levels.

You collected 106 gold pieces.

Inventory:

Hand Weapons
 a - a +0 trident (weapon)
 n - a +0 spear
Armour
 b - a +0 animal skin
 g - a +0 chain mail (worn)
Jewellery
 h - an uncursed ring of flight {unknown}
Scrolls
 e - 3 scrolls of remove curse {unknown}
 f - a scroll of magic mapping {unknown}
 k - 2 scrolls of teleportation {unknown}
 l - a scroll of enchant weapon {unknown}
 m - a scroll of identify {unknown}
 o - a scroll of fear {unknown}
Potions
 d - a potion of might {unknown}
 i - a potion of magic {unknown}
 j - 2 potions of agility {unknown}
Comestibles
 c - 4 rations
 p - 3 chunks of flesh


   Skills:
 + Level 4.6 Fighting
 + Level 4.7 Polearms
 + Level 3.0 Armour
 + Level 3.0 Dodging


You had 3 spell levels left.
You didn't know any spells.
Your spell library was empty.

Dungeon Overview and Level Annotations

Branches:
Dungeon (2/15)

Altars:
Cheibriados

Annotations:
D:2 Sigmund


Innate Abilities, Weirdness & Mutations

You reflexively headbutt those who attack you in melee.
You have a pair of horns on your head.


Message History

You hit something. Something hits you. x2
You hit something. You headbutt something. Something hits you.
* * * LOW HITPOINT WARNING * * *
You hit something. Your headbutt misses something.
You hear some strange, mumbled words.
You are confused.
Something hits you.
* * * LOW HITPOINT WARNING * * *
You're too confused!
Evoke which item? (* to show all) (? for menu, Esc to quit)
Okay, then.
You're too confused to move!
Something hits you but does no damage.
Unknown command.
You bump into the rock wall.
You are feeling very hungry.
Something hits you but does no damage.
You're too confused to move!
You feel less confused. Something hits you!
You die...

#.#.........# #.#.........#
#. #........... #$##
#.......[. ... .%...... #
####.# ....... .#
.....####@..#..# #.#
#....[..##.{########..#
#..))##......@.......####
####.#.##############..#...#
.......# ###......#
@......## #........#
........# ###÷####...#
.....†..# ##...# ...#
........# ###..### ..#
........# #...## .#
........# ###.### .#


There were no monsters in sight!

Vanquished Creatures
  4 adders (D:2)
  2 dart slugs
  2 leopard geckos (D:1)
  3 orcs (D:2)
  6 bats
  2 giant cockroaches
  9 goblins
  2 hobgoblins
  4 jackals (D:2)
  2 kobolds (D:1)
  3 frilled lizards
  6 rats
45 creatures vanquished.

Notes
Turn   | Place    | Note
-------+----------+-------------------------------------------
     0 | D:1      | nikopol the Minotaur Berserker began the quest for the Orb.
     0 | D:1      | Reached XP level 1. HP: 19/19 MP: 0/0
   308 | D:1      | Reached XP level 2. HP: 27/27 MP: 1/1
   770 | D:2      | Reached ** piety under Trog
   770 | D:2      | Reached XP level 3. HP: 33/33 MP: 2/2
   814 | D:2      | Found a snail-covered altar of Cheibriados.
   917 | D:2      | Noticed Sigmund
  1159 | D:2      | Reached XP level 4. HP: 41/41 MP: 3/3
  1172 | D:2      | Found a snail-covered altar of Cheibriados.
  1449 | D:2      | Slain by Sigmund

Skill      XL: |  1  2  3  4 |
---------------+-------------+-----
Polearms       | 4 |  4.7
Fighting       | 4 |  4.6
Armour         | 3 |  3.0
Dodging        | 3 |  3.0

Action                   |  1- 3 |  4- 6 || total
-------------------------+-------+-------++-------
Melee: Spear             |   105 |       ||   105
       Headbutt          |    11 |     3 ||    14
       Trident           |     6 |    35 ||    41
Invok: Berserk           |       |     1 ||     1
  Eat: Chunk             |       |     2 ||     2
Armor: Chain mail        |    49 |    25 ||    74
       Animal skin       |     2 |       ||     2
Dodge: Dodged            |    31 |    11 ||    42
